 Dungeon Crawl Stone Soup version 0.31-a0-117-g42d8f58691 (webtiles) character file.

Game seed: 11280631190442992748

53 microfolk the Trooper (level 3, -6/31 HPs)
             Began as a Demigod Wanderer on May 30, 2023.
             Mangled by Terence
             ... wielding a +0 hand axe
              (8 damage)
             ... on level 2 of the Dungeon.
             The game lasted 00:03:02 (1094 turns).

microfolk the Trooper (Demigod Wanderer)            Turns: 1094, Time: 00:03:02

Health: -6/31      AC:  8    Str: 13    XL:     3   Next: 41%
Magic:  5/5        EV:  6    Int: 18    God:
Gold:   75         SH:  0    Dex: 13    Spells: 2/2 levels left

rFire   . . .        a - +3 quarterstaff
rCold   . . .        (shield currently unavailable)
rNeg    . . .        g - +0 chain mail
rPois   .            (no helmet)
rElec   .            (no cloak)
rCorr   .            (no gloves)
SInv    .            (no boots)
Will    .....        (no amulet) Stlth
                     (no ring)
HPRegen 0.25/turn    (no ring)
MPRegen 0.09/turn

%: no passive effects
@: hasted, very quick
A: high MP 1, forlorn, divine attributes
a: no special abilities


You were on level 2 of the Dungeon.
You visited 1 branch of the dungeon, and saw 2 of its levels.

You collected 75 gold pieces.

Inventory:

Hand Weapons
 a - a +3 quarterstaff (weapon)
 j - a +0 trident
Missiles
 h - 14 stones
 k - 2 poisoned darts
Armour
 d - a +0 robe
 g - a +0 chain mail (worn)
Jewellery
 e - a +6 ring of intelligence
Wands
 b - a wand of flame (3) (quivered)
Scrolls
 f - 2 scrolls of identify {unknown}
 l - a scroll of fog {unknown}
Potions
 c - a potion of mutation
 i - a potion of ambrosia
 n - a potion of enlightenment {unknown}


   Skills:
 + Level 3.2 Fighting
 - Level 2.6 Staves
 - Level 1.0 Armour
 + Level 1.5 Dodging
 + Level 3.2 Evocations


You had 2 spell levels left.
You didn't know any spells.
Your spell library was empty.

Dungeon Overview and Level Annotations

Branches:
Dungeon (2/15)

Annotations:
D:2 Terence


Innate Abilities, Weirdness & Mutations

You have an increased reservoir of magic. (+10% MP)
You shall have no god before yourself.
Your divine heritage dramatically boosts your attributes as you level up.


Message History

Terence completely misses you.
You hit Terence.
Terence is moderately wounded.
Terence hits you with a +0 hand axe!
* * * LOW HITPOINT WARNING * * *
Terence attacks as you move away! Terence hits you with a +0 hand axe.
* * * LOW HITPOINT WARNING * * *
You are too injured to fight recklessly!
It was a potion of ambrosia.
You are confused.
You feel invigorated. Terence barely misses you.
You hit Terence but do no damage.
Terence is moderately wounded.
Terence hits you with a +0 hand axe. x2
* * * LOW HITPOINT WARNING * * *
You bump into the rock wall.
You feel less invigorated.
You feel less confused. Terence hits you with a +0 hand axe.
* * * LOW HITPOINT WARNING * * *
Terence attacks as you move away! Terence hits you but does no damage.
You closely miss Terence.
Terence is moderately wounded.
Terence hits you but does no damage.
It was a potion of haste.
You feel yourself speed up. Terence hits you with a +0 hand axe.
* * * LOW HITPOINT WARNING * * *
You hit Terence but do no damage.
Terence is moderately wounded.
Terence hits you with a +0 hand axe.
* * * LOW HITPOINT WARNING * * *
You hit Terence but do no damage.
Terence is moderately wounded.
You barely miss Terence.
Terence is moderately wounded.
Terence hits you with a +0 hand axe.
* * * LOW HITPOINT WARNING * * *
You hit Terence but do no damage.
Terence is moderately wounded.
Terence hits you with a +0 hand axe!
You die...

##.............##
#..........#...#
##..#..#...##..##
##..#.##..##...#
####+.#.###.##.#.#
#.......# #....#.#
#.......# #.#..#.#
#.......# #.#..#.#
#.......#
#.#..#@##
####'####
#.#..#@.# #.#
.#..##.# #)#
#..#.# #.# #....#
#.# #.##.># #.# #
##.# #.# .# #.# .#


You could see Terence.

Vanquished Creatures
  A gnoll (D:2)
  2 adders (D:2)
  2 dart slugs
  3 ball pythons
  2 bats (D:1)
  An endoplasm (D:2)
  A goblin (D:2)
  2 jackals (D:2)
  2 kobolds (D:2)
  A quokka (D:1)
  A frilled lizard (D:1)
  4 rats
22 creatures vanquished.

Notes
Turn   | Place    | Note
-------+----------+-------------------------------------------
     0 | D:1      | microfolk the Demigod Wanderer began the quest for the Orb.
     0 | D:1      | microfolk set off with the following items: a +3
                  | quarterstaff, a wand of flame (3), a potion of mutation, a
                  | +0 robe.
     0 | D:1      | Reached XP level 1. HP: 18/18 MP: 3/3
   385 | D:1      | Reached XP level 2. HP: 25/25 MP: 4/4
   671 | D:2      | Reached skill level 1 in Dodging
   759 | D:2      | Reached XP level 3. HP: 29/31 MP: 5/5
  1073 | D:2      | Noticed Terence
  1094 | D:2      | Mangled by Terence

Illustrated notes

Levels and vault maps discovered:
D:1:      wander_arrival_chamber, layout_basic
D:2:      layout_basic, serial_forest, infiniplex_forest_lined_1,
          infiniplex_forest_straight_1, infiniplex_forest_lined_room_3,
          infiniplex_forest_clump_small, infiniplex_forest_lined_4_way,
          cheibrodos_gnoll_hut, uniq_crazy_yiuf_cottage, uniq_terence

Skill      XL: |  1  2 |
---------------+-------+-----
Fighting       | 3 |  3.2
Dodging        | 1 |  1.5
Evocations     | 3 |  3.2
Staves         | |  2.6
Armour         | |  1.0

Action                     || total
---------------------------++-------
  Melee: Quarterstaff      ||    61
    Use: Potion            ||     2
 Armour: Chain mail        ||    29
  Dodge: Dodged            ||    19

Table legend: (Time is in decaauts)
 A = Elapsed time spent in this place.
 B = Non-inter-level travel time spent in this place.
 C = Inter-level travel time spent in this place.
 D = Time resting spent in this place.
 E = Time spent auto-exploring this place.
 F = Levels seen in this place.
 G = Mean time per level.
                   A        B        C        D        E       F      G
               +--------+--------+--------+--------+--------+-----+--------+
         Total |   1103 |   1028 |     75 |     68 |    739 |   2 |  551.5 |
       Dungeon |   1103 |   1028 |     75 |     68 |    739 |   2 |  551.5 |
               +--------+--------+--------+--------+--------+-----+--------+

Top non-repeatable levels by time:
     D:1: 587 daAuts
     D:2: 515 daAuts
